 Dungeon Crawl Stone Soup version 0.24-a0-584-g9d6b971ae4 (webtiles) character file.

Game seed: 18242328527862954796, levelgen mode: deterministic

121 Gynju the Chopper (level 5, 0/46 HPs)
             Began as a Hill Orc Fighter on Sept 6, 2019.
             Succumbed to an orc's poison
             ... on level 3 of the Dungeon.
             The game lasted 00:01:56 (2203 turns).

Gynju the Chopper (Hill Orc Fighter)                Turns: 2203, Time: 00:01:56

Health: 0/46       AC:  8    Str: 20    XL:     5   Next: 5%
Magic:  5/5        EV: 12    Int:  8    God:
Gold:   77         SH:  9    Dex: 15    Spells: 4/4 levels left

rFire    . . .     SeeInvis .   a - +0 war axe
rCold    . . .     Gourm    .   c - +0 shield
rNeg     . . .     Faith    .   b - +0 scale mail
rPois    .         Spirit   .   (no helmet)
rElec    .         Reflect  .   l - +0 cloak
rCorr    .         Harm     .   (no gloves)
MR       .....                  (no boots)
Stlth    +.........             (no amulet)
HPRegen  0.15/turn              (no ring)
MPRegen  0.09/turn              (no ring)

@: agile, lethally poisoned (0 -> -21), hasted, very quick
A: no striking features
a: no special abilities


You were on level 3 of the Dungeon.
You were not hungry.

You visited 1 branch of the dungeon, and saw 3 of its levels.

You collected 77 gold pieces.

Inventory:

Hand Weapons
 a - a +0 war axe (weapon)
 s - a +1 war axe of venom
Armour
 b - a +0 scale mail (worn)
 c - a +0 shield (worn)
 l - a +0 cloak (worn)
Jewellery
 g - an uncursed amulet of harm {unknown}
 k - an uncursed ring of see invisible {unknown}
Wands
 q - a wand of random effects (21)
 r - a wand of polymorph (7)
Scrolls
 e - 4 scrolls of remove curse {unknown}
 h - a scroll of immolation {unknown}
 i - 2 scrolls of magic mapping {unknown}
 m - 2 scrolls of noise {unknown}
 n - a scroll of enchant weapon {unknown}
 p - a scroll of identify {unknown}
Potions
 d - a potion of might
 o - 2 potions of agility
Comestibles
 f - 6 rations


   Skills:
 - Level 3.7 Fighting
 + Level 6.4 Axes
 - Level 3.4 Armour
 - Level 3.4 Shields


You had 4 spell levels left.
You didn't know any spells.
Your spell library was empty.

Dungeon Overview and Level Annotations

Branches:
Dungeon (3/15)

Altars:
Nemelex Xobeh
The Shining One


Message History

* * * LOW HITPOINT WARNING * * *
You feel sick.
It was a potion of haste.
You feel yourself speed up.
* * * LOW HITPOINT WARNING * * *
You feel sick.
It was a potion of agility.
You feel agile all of a sudden.
* * * LOW HITPOINT WARNING * * *
You feel sick.
There is a lethal amount of poison in your body!
You butcher the orc corpse.
* * * LOW HITPOINT WARNING * * *
You feel sick.
Things that are here:
3 chunks of flesh; an orc skeleton
* * * LOW HITPOINT WARNING * * *
You feel sick.
You see here a giant cockroach corpse.
You butcher the giant cockroach corpse.
You die...

#### ######.?
#...)..# #.⌠.⌠..+
#.?_...#
##⌠.⌠.%##+#
##...@...#
#######.#
#######.#
##.###.......#
#.....(########
#..............
#...##...########
###.##...#
#......#
######.##


There were no monsters in sight!

Vanquished Creatures
  4 gnolls (D:2)
  4 adders
  A worm (D:2)
  A dart slug (D:2)
  4 leopard geckos
  An orc (D:3)
  6 bats
  3 giant cockroaches
  3 goblins
  A hobgoblin (D:2)
  2 jackals (D:1)
  2 kobolds
  A quokka (D:2)
  A ball python (D:2)
  2 frilled lizards (D:2)
  6 rats
42 creatures vanquished.

Notes
Turn   | Place    | Note
-------+----------+-------------------------------------------
     0 | D:1      | Gynju the Hill Orc Fighter began the quest for the Orb.
     0 | D:1      | Reached XP level 1. HP: 19/19 MP: 1/1
   315 | D:1      | Reached skill level 3 in Axes
   315 | D:1      | Reached XP level 2. HP: 23/27 MP: 2/2
   821 | D:1      | Found a glowing golden altar of the Shining One.
   970 | D:2      | Reached skill level 4 in Axes
   983 | D:2      | Reached XP level 3. HP: 26/33 MP: 3/3
  1275 | D:2      | Reached skill level 5 in Axes
  1493 | D:2      | Reached XP level 4. HP: 38/40 MP: 4/4
  1854 | D:2      | Reached skill level 6 in Axes
  2154 | D:3      | Reached XP level 5. HP: 43/46 MP: 5/5
  2180 | D:3      | Found a sparkling altar of Nemelex Xobeh.
  2202 | D:3      | HP: 1/46 [poisoned by an orc]
  2203 | D:3      | Succumbed to an orc's poison

Levels and vault maps discovered:
D:1:      dpeg_arrival_arbitrary_a, layout_basic, tso_altar
D:2:      layout_basic, minmay_pentomino_s2
D:3:      layout_basic, old_standard_altar, nemelex_xobeh_ov_fountains_minmay,
          first_ration

Skill      XL: |  1  2  3  4 |
---------------+-------------+-----
Axes           | 3 4 5 6 |  6.4
Fighting       | |  3.7
Armour         | |  3.4
Shields        | |  3.4

Action                   |  1- 3 |  4- 6 || total
-------------------------+-------+-------++-------
Melee: War axe           |   100 |    66 ||   166
  Use: Potion            |       |     2 ||     2
  Eat: Chunk             |     2 |     2 ||     4
Armor: Scale mail        |    31 |    24 ||    55
Dodge: Dodged            |    38 |    24 ||    62
Block: Shield            |    46 |    32 ||    78

Table legend:
 A = Non-vault XP
 B = Vault XP
 C = Vault XP percentage of total XP
 D = Non-vault monster count
 E = Vault monster count
 F = Vault count percentage of total count
                 A         B        C        D         E       F
            +---------+---------+-------+---------+---------+-------
      Total |     159 |      15 |   8.6 |      40 |       2 |   4.8
            +---------+---------+-------+---------+---------+-------
        D:1 |      26 |       0 |   0.0 |      13 |       0 |   0.0
        D:2 |     112 |      15 |  11.8 |      22 |       2 |   8.3
        D:3 |      21 |       0 |   0.0 |       5 |       0 |   0.0
            +---------+---------+-------+---------+---------+-------
